 Dungeon Crawl Stone Soup version 0.28.0-53-g5a82cb258f (console) character file.

Game seed: 6584732226710269357

187 Cab the Chopper (level 5, -6/41 HPs)
             Began as a Demonspawn Fighter on Aug 21, 2022.
             Mangled by Menkaure (9 damage)
             ... on level 4 of the Dungeon.
             The game lasted 00:05:36 (2651 turns).

Cab the Chopper (Demonspawn Fighter)                Turns: 2651, Time: 00:05:37

Health: -6/41      AC:  6    Str: 25    XL:     5   Next: 39%
Magic:  0/5        EV:  9    Int:  9    God:
Gold:   151        SH:  4    Dex: 12    Spells: 4/4 levels left

rFire   . . .      SeeInvis .   a - +0 war axe
rCold   . . .      Faith    .   c - +0 buckler
rNeg    . . .      Spirit   +   b - +0 scale mail
rPois   .          Reflect  .   (no helmet)
rElec   .          Harm     .   (no cloak)
rCorr   .          Rampage  .   (no gloves)
Will    .....                   (no boots)
Stlth   ..........              h - amulet of guardian spirit
HPRegen 0.13/turn               l - +6 ring of strength
MPRegen 0.09/turn               (no ring)

@: mighty
A: hooves 1, powered by death 1
a: no special abilities


You were on level 4 of the Dungeon.
You visited 1 branch of the dungeon, and saw 4 of its levels.

You collected 151 gold pieces.

Inventory:

Hand Weapons
 a - a +0 war axe (weapon)
Armour
 b - a +0 scale mail (worn)
 c - a +0 buckler (worn)
Jewellery
 h - an amulet of guardian spirit (around neck)
 l - a +6 ring of strength (left hand)
Scrolls
 e - a scroll of enchant weapon {unknown}
 f - a scroll of vulnerability {unknown}
Potions
 g - 2 potions of degeneration {unknown}
 i - a potion of heal wounds {unknown}
 j - a potion of cancellation {unknown}
 k - a potion of curing {unknown}


   Skills:
 - Level 3.0 Fighting
 + Level 5.2 Axes
 - Level 2.6 Armour
 - Level 2.6 Shields


You had 4 spell levels left.
You didn't know any spells.
Your spell library contained the following spells:

 Spells                   Type           Power      Damage    Failure   Level
 Static Discharge         Conj/Air       0%         N/A       89%         2
 Conjure Flame            Conj/Fire      0%         6-21      98%         3
 Ignite Poison            Fire/Tmut/Pois 0%         N/A       98%         3
 Tukima's Dance           Hex            0%         N/A       98%         3
 Anguish                  Hex/Necr       0%         N/A       100%        4
 Sticky Flame             Conj/Fire      0%         2d3       100%        4
 Lightning Bolt           Conj/Air       0%         1d11      100%        5
 Enfeeble                 Hex            0%         N/A       100%        7
 Maxwell's Capacitive Co  Air            0%         ∞         100%        8


Dungeon Overview and Level Annotations

Branches:
Dungeon (4/15)
 Temple: D:4-7

Altars:
Sif Muna

Annotations:
D:2 Natasha
D:4 Menkaure


Innate Abilities, Weirdness & Mutations

You have large cloven feet.
You regenerate a little health from kills.


Message History

No target in view!
No target in view!
Found 13 gold pieces.
l - a +6 ring of strength You feel stronger.
l - a +6 ring of strength (left hand)
You now have 122 gold pieces (gained 15).
You now have 138 gold pieces (gained 16).
You now have 151 gold pieces (gained 13).
Menkaure and a goblin come into view.
Menkaure shouts!
The goblin shouts!
You barely miss Menkaure. Menkaure hits you!
You slash Menkaure!
Menkaure is moderately damaged.
Menkaure hits you.
You barely miss Menkaure. Your kick misses Menkaure.
Menkaure is moderately damaged.
You closely miss the goblin.
Menkaure calls on the powers of darkness!
Your body is wracked with pain!
The goblin hits you but does no damage.
You are too injured to fight recklessly!
Press: ? - help, v - describe, . - travel
Here: Menkaure (moderately damaged)
The floor.
You feel very mighty all of a sudden.
Menkaure casts a spell.
Menkaure seems to speed up.
The goblin hits you but does no damage.
You barely miss Menkaure.
Menkaure is moderately damaged.
You barely miss the goblin. Menkaure closely misses you.
The goblin hits you with a +0 dagger. Menkaure hits you!
* * * LOW HITPOINT WARNING * * *
Press: ? - help, v - describe, . - travel
Here: Menkaure (moderately damaged, fast)
The floor.
You slash Menkaure!
Menkaure is severely damaged.
You closely miss the goblin. The goblin hits you but does no damage.
Menkaure hits you!
You die... ∙∙ ∙∙∙∙∙∙

▒ ▒∙▒ ∙∙∙∙∙▒
∙▒▒▒▒∙▒▒∙∙∙∙∙▒
▒
∙∙∙∙∙∙∙∙∙∙∙∙▒
∙▒▒∙∙∙∙∙∙∙∙∙


∙∙∙∙∙∙∙∙∙ ▒∙▒g▒M▒ ▒∙∙∙@∙▒ ▒∙▒∙▒∙▒ ∙∙ ▒▒▒▒▒▒∙▒∙▒∙▒∙∙∙∙ ∙∙∙∙∙∙∙∙∙∙∙∙∙∙∙∙
▒▒▒▒▒∙∙∙▒∙▒∙▒▒∙ ▒∙∙∙▒∙▒∙▒ ∙ ∙∙∙▒▒▒ ▒∙∙∙▒∙▒∙▒ ∙▒ ∙∙∙∙∙∙∙ ▒∙∙∙∙∙∙∙▒▒∙
▒∙▒∙▒▒∙▒▒▒▒▒∙∙∙∙∙∙∙∙∙ You could see Menkaure (fast) and a goblin.

Vanquished Creatures
  An orc wizard (D:3)
  Natasha (D:2)
  7 adders
  3 dart slugs
  3 orcs (D:3)
  2 bats
  5 endoplasms
  5 giant cockroaches
  5 goblins
  7 hobgoblins
  4 jackals
  4 kobolds
  2 quokkas
  10 ball pythons
  A frilled lizard (D:1)
  3 rats
63 creatures vanquished.

Notes
Turn   | Place    | Note
-------+----------+-------------------------------------------
     0 | D:1      | Cab the Demonspawn Fighter began the quest for the Orb.
     0 | D:1      | Reached XP level 1. HP: 18/18 MP: 1/1
    38 | D:1      | Reached skill level 2 in Axes
   182 | D:1      | Gained mutation: You regenerate a little health from kills.
                  | [demonic ancestry]
   182 | D:1      | Reached XP level 2. HP: 24/24 MP: 2/2
   306 | D:1      | Found a faded altar of an unknown god.
   323 | D:1      | Reached skill level 3 in Axes
   448 | D:1      | Reached XP level 3. HP: 13/29 MP: 3/3
  1274 | D:2      | Reached skill level 4 in Axes
  1274 | D:2      | Gained mutation: You have large cloven feet. [demonic
                  | ancestry]
  1274 | D:2      | Reached XP level 4. HP: 35/35 MP: 4/4
  1315 | D:2      | Noticed Natasha
  1320 | D:2      | Killed Natasha
  1766 | D:2      | Noticed Natasha
  1776 | D:3      | Reached XP level 5. HP: 41/41 MP: 5/5
  1958 | D:3      | Found a shimmering blue altar of Sif Muna.
  2140 | D:3      | Reached skill level 5 in Axes
  2643 | D:4      | Noticed Menkaure
  2651 | D:4      | Mangled by Menkaure

Illustrated notes

Levels and vault maps discovered:
D:1:      dpeg_arrival_more_subterranean_lakeside_camping, layout_basic,
          basic_ecumenical_altar
D:2:      layout_rooms, serial_corexii_hall, chequers_hall_statues_wall_a,
          corexii_hall_statues_l, uniq_natasha
D:3:      layout_loops_ring, lemuel_tele_altar
D:4:      minmay_door_path, layout_basic, uniq_menkaure

Skill      XL: |  1  2  3  4  5 |
---------------+----------------+-----
Axes           | 2 3 4 5 |  5.2
Fighting       | |  3.0
Armour         | |  2.6
Shields        | |  2.6

Action                   |  1- 3 |  4- 6 || total
-------------------------+-------+-------++-------
Melee: War axe           |   107 |    70 ||   177
       Kick              |       |    17 ||    17
  Use: Potion            |       |     1 ||     1
Armor: Scale mail        |    48 |    36 ||    84
Dodge: Dodged            |    49 |    20 ||    69
Block: Buckler           |    21 |    13 ||    34
